 Dungeon Crawl Stone Soup version 0.20.1-1-g8b1a95d (webtiles) character file.

84 pstr the Digger (level 4, -1/33 HPs)
             Began as a Ghoul Earth Elementalist on Dec 8, 2017.
             Slain by a quasit (2 damage)
             ... while paralysed
             ... on level 3 of the Dungeon.
             The game lasted 00:06:35 (3187 turns).

pstr the Digger (Ghoul Earth Elementalist)          Turns: 3187, Time: 00:06:36

Health: -1/33      AC:  2    Str:  9 (11) XL:     4   Next: 46%
Magic:  3/6        EV:  2    Int: 11      God:
Gold:   65         SH:  0    Dex: -1 (9)  Spells: 2/8 levels left

rFire    . . .     SeeInvis .   (no weapon)
rCold    + . .     Gourm    .   (no shield)
rNeg     + + +     Faith    .   c - +0 robe
rPois    ∞         Spirit   .   (no helmet)
rElec    .         Reflect  .   (no cloak)
rCorr    .         Harm     .   (no gloves)
MR       .....                  (no boots)
Stlth    ..........             (no amulet)
Regen    0.0/turn               (no ring)
MPRegen  0.1/turn               (no ring)

@: paralysed, very slightly contaminated, rotting, slowed, lost dexterity
A: rotting body, claws 1, carnivore 3, cold resistance 1, negative energy
resistance 3, inhibited regeneration, torment resistance, unbreathing
a: no special abilities


You were on level 3 of the Dungeon.
You were not hungry.

You visited 1 branch of the dungeon, and saw 3 of its levels.

You collected 65 gold pieces.

Inventory:

Missiles
 m - 4 stones (quivered)
Armour
 b - a +0 ring mail
 c - a +0 robe (worn)
Jewellery
 h - an uncursed ring of protection from fire {unknown}
Scrolls
 a - 4 scrolls of remove curse {unknown}
 f - a scroll of enchant weapon {unknown}
 g - a scroll of identify {unknown}
 k - a scroll of fog {unknown}
 o - a scroll of amnesia {unknown}
Books
 e - a book of Geomancy

   Spells                             Type                      Level
   a - Sandblast                      Earth                        1
   b - Passwall                       Transmutation/Earth          2
   c - Stone Arrow                    Conjuration/Earth            3
   d - Petrify                        Transmutation/Earth          4
   e - Lee's Rapid Deconstruction     Earth                        5
Comestibles
 d - a meat ration


   Skills:
 + Level 1.9 Dodging
 + Level 2.3 Stealth
 + Level 2.5 Spellcasting
 + Level 0.8 Transmutations
 + Level 4.8 Earth Magic


You had 2 spell levels left.
You knew the following spells:

 Your Spells              Type           Power        Failure   Level  Hunger
a - Sandblast             Erth           ##....       3%          1    ##.....
b - Passwall              Tmut/Erth      #.........   13%         2    ###....
c - Stone Arrow           Conj/Erth      #.....       30%         3    ####...


Dungeon Overview and Level Annotations

Branches:
Dungeon (3/15)

Altars:


Innate Abilities, Weirdness & Mutations

Your body is rotting away.
You thrive on raw meat.
You are immune to poison.
You have sharp fingernails.
You are carnivorous and can eat meat at any time.
Your flesh is cold resistant. (rC+)
You are immune to negative energy. (rN+++)
You do not regenerate when monsters are visible.
You are immune to unholy pain and torment.
You can survive without breathing.


Message History

Confirm with . or Enter, or press ? or * to list all spells.
Aiming: Sandblast
Press: ? - help, Shift-Dir - straight line, f/p - quasit
Aim: a quasit (moderately wounded)
The blast of sand hits the quasit.
The quasit is heavily wounded.
m - 4 stones The quasit bites you but does no damage.
The quasit claws you but does no damage.
The quasit claws you.
* * * LOW HITPOINT WARNING * * *
You feel clumsy.
You have lost your dexterity.
The quasit bites you.
* * * LOW HITPOINT WARNING * * *
The quasit claws you but does no damage.
The quasit claws you.
* * * LOW HITPOINT WARNING * * *
You feel clumsy. The quasit bites you.
You die...

#################.#
#)# #.# ### #.#
..###############.#
..............>##.#
#.###.#######..##.#
..# #.# #..##5# ###
#.# #..#@)# #.#
#..#.##
#.#######..#..
#####.........[###.
...............# .#
################ #
# #


You could see a quasit.

Vanquished Creatures
  3 adders
  4 worms
  2 dart slugs
  An orc (D:3)
  A ball python (D:2)
  5 bats
  3 giant cockroaches
  4 goblins
  3 hobgoblins
  2 quokkas
  5 frilled lizards
  A leopard gecko skeleton (D:3)
  10 rats
44 creatures vanquished.

Notes
Turn   | Place    | Note
-------+----------+-------------------------------------------
     0 | D:1      | pstr the Ghoul Earth Elementalist began the quest for the Orb.
     0 | D:1      | Reached XP level 1. HP: 14/14 MP: 2/2
   201 | D:1      | Reached XP level 2. HP: 19/20 MP: 1/3
   229 | D:1      | Learned a level 2 spell: Passwall
  1241 | D:2      | Reached skill level 4 in Earth Magic
  1322 | D:2      | Reached XP level 3. HP: 26/26 MP: 1/5
  1327 | D:2      | Learned a level 3 spell: Stone Arrow
  2550 | D:3      | Reached XP level 4. HP: 33/33 MP: 1/6
  3185 | D:3      | Lost dexterity.
  3186 | D:3      | HP: 1/33 [quasit (1)]
  3187 | D:3      | Slain by a quasit

Skill      XL: |  1  2 |
---------------+-------+-----
Spellcasting   | 2 |  2.5
Earth Magic    | 4 |  4.8
Dodging        | |  1.9
Stealth        | |  2.3
Transmutations | |  0.8

Action                   |  1- 3 |  4- 6 || total
-------------------------+-------+-------++-------
Melee: Unarmed           |       |    35 ||    35
 Cast: Sandblast         |    53 |     7 ||    60
       Stone Arrow       |     9 |     6 ||    15
  Use: Potion            |       |     3 ||     3
  Eat: Chunk             |     9 |     3 ||    12
Armor: Robe              |     8 |    28 ||    36
Dodge: Dodged            |    16 |    54 ||    70
